 Dungeon Crawl Stone Soup version 0.25.1-2-g60ff931df9 (webtiles) character file.

Game seed: 6103865570427832458

107 diana the Slasher (level 4, 0/35 HPs)
             Began as a Demonspawn Gladiator on Sept 15, 2020.
             Was an Initiate of Okawaru.
             Succumbed to an orc wizard's poison
             ... on level 2 of the Dungeon.
             The game lasted 00:02:45 (1594 turns).

diana the Slasher (Demonspawn Gladiator)            Turns: 1594, Time: 00:02:46

Health: 0/35       AC:  6    Str: 21    XL:     4   Next: 57%
Magic:  4/4        EV: 12    Int: 10    God:    Okawaru [......]
Gold:   77         SH:  0    Dex: 14    Spells: 3/3 levels left

rFire    . . .     SeeInvis .   a - +0 long sword
rCold    . . .     Gourm    .   (no shield)
rNeg     . . .     Faith    .   b - +0 leather armour
rPois    +         Spirit   .   c - +0 helmet
rElec    .         Reflect  .   (no cloak)
rCorr    .         Harm     .   (no gloves)
MR       .....                  (no boots)
Stlth    +.........             e - amulet of inaccuracy (curse)
HPRegen  0.11/turn              l - +6 ring of strength
MPRegen  0.09/turn              k - ring of poison resistance

@: mighty, lethally poisoned (0 -> -2), hasted, very quick
A: yellow scales 1, powered by pain 2
a: Renounce Religion


You were on level 2 of the Dungeon.
You worshipped Okawaru.
Okawaru was noncommittal.
You were not hungry.

You visited 1 branch of the dungeon, and saw 2 of its levels.

You collected 77 gold pieces.

Inventory:

Hand Weapons
 a - a +0 long sword (weapon)
Missiles
 d - 3 throwing nets (quivered)
Armour
 b - a +0 leather armour (worn)
 c - a +0 helmet (worn)
Jewellery
 e - a cursed amulet of inaccuracy (around neck)
 k - a ring of poison resistance (right hand)
 l - a +6 ring of strength (left hand)
Scrolls
 p - 2 scrolls of enchant armour {unknown}
 q - 3 scrolls of amnesia {unknown}
 s - a scroll of remove curse {unknown}
 t - a scroll of fear {unknown}
 u - a scroll of magic mapping {unknown}
Potions
 n - a potion of cancellation {unknown}
 o - a potion of invisibility {unknown}
 r - a potion of curing {unknown}
Comestibles
 f - 4 rations
 v - 4 chunks of flesh


   Skills:
 + Level 3.2 Fighting
 + Level 3.5 Long Blades
 - Level 1.7 Throwing
 + Level 2.0 Armour
 - Level 2.6 Dodging


You had 3 spell levels left.
You didn't know any spells.
Your spell library was empty.

Dungeon Overview and Level Annotations

Branches:
Dungeon (2/15)

Altars:
Okawaru


Innate Abilities, Weirdness & Mutations

You are partially covered in yellow scales. (AC +2)
You sometimes gain power by taking damage.


Message History

You kill the orc!
Okawaru accepts your kill.
The adder bites you but does no damage. x2
The orc hits you but does no damage.
You miss the adder.
You feel sick. The adder bites you but does no damage.
The orc hits you with a +0 falchion.
* * * LOW HITPOINT WARNING * * *
You closely miss the adder.
You feel less wooden.
Your +0 helmet unmelds from your body.
Your +0 leather armour unmelds from your body.
The adder bites you.
* * * LOW HITPOINT WARNING * * *
The adder misses you. The orc barely misses you.
You closely miss the adder. The adder bites you.
* * * LOW HITPOINT WARNING * * *
The orc barely misses you.
You riposte.
You miss the orc.
Unknown command.
It was a potion of haste.
You feel yourself speed up.
You die...

######...........).# #.# .#
#)..#########.# #.# .##
#..###........# ..#
..####..##..8...8..###.##
....##..#...........#..#
#.#.....#⌠............######
#.###...#...........#......#
#.# ##..##..8...8S.##......#
#.. #..###.....@oo........#
##. ##..#########.#.#.....
.# #...........#.# .... .(
#......#####o# # .###


oS# ## .### .# #####.. .# ....... #. You could see an adder and 2 orcs.

Vanquished Creatures
  An orc priest (D:2)
  An orc wizard (D:2)
  An ooze (D:1)
  A worm (D:2)
  A dart slug (D:2)
  3 orcs (D:2)
  2 bats
  A giant cockroach (D:2)
  8 goblins
  A hobgoblin (D:2)
  3 jackals (D:2)
  A ball python (D:1)
  4 frilled lizards
  5 kobolds
  7 rats
40 creatures vanquished.

Notes
Turn   | Place    | Note
-------+----------+-------------------------------------------
     0 | D:1      | diana the Demonspawn Gladiator began the quest for the Orb.
     0 | D:1      | Reached XP level 1. HP: 16/16 MP: 1/1
   288 | D:1      | Gained mutation: You sometimes gain a little power by
                  | taking damage. [demonic ancestry]
   288 | D:1      | Reached XP level 2. HP: 22/22 MP: 2/2
   380 | D:1      | Reached skill level 1 in Armour
   751 | D:2      | Gained mutation: You sometimes gain power by taking damage.
                  | [demonic ancestry]
   751 | D:2      | Reached XP level 3. HP: 17/28 MP: 3/3
   905 | D:2      | Found an iron altar of Okawaru.
   912 | D:2      | Became a worshipper of Warmaster Okawaru
  1580 | D:2      | Gained mutation: You are partially covered in yellow
                  | scales. (AC +2) [demonic ancestry]
  1580 | D:2      | Reached XP level 4. HP: 26/35 MP: 4/4
  1593 | D:2      | HP: 1/35 [adder (1)]
  1594 | D:2      | Succumbed to an orc wizard's poison

Illustrated notes

Levels and vault maps discovered:
D:1:      sevenhm_arrival_forest_fort_small_5, layout_basic
D:2:      cheibrodos_pilgrimage, layout_rooms,
          yredelemnul_forgotten_temple_becter, okawaru_trees_1, st_stairs_1,
          uniq_robin

Skill      XL: |  1  2  3  4 |
---------------+-------------+-----
Long Blades    | 3 |  3.5
Armour         | 1 2 |  2.0
Fighting       | 3 |  3.2
Throwing       | |  1.7
Dodging        | |  2.6

Action                   |  1- 3 |  4- 6 || total
-------------------------+-------+-------++-------
Melee: Long sword        |   107 |    12 ||   119
  Use: Potion            |     3 |     1 ||     4
       Scroll            |     2 |       ||     2
 Stab: Sleeping          |     3 |       ||     3
  Eat: Chunk             |     2 |       ||     2
Armor: Leather armour    |    38 |       ||    38
       Skin              |       |    19 ||    19
Dodge: Dodged            |    73 |     5 ||    78
       Rpst.: Long sword |    28 |     2 ||    30
